Map: [ESL] Stargazers

Players

YoungYakov

  • Race: Zerg Zerg
  • Spawn Location: 11:00

PtitDrogo - Winner!

  • Race: Protoss Protoss
  • Spawn Location: 1:00

Event: DreamHack SC2 Masters 2022 Atlanta (Online)

VOD

Have the link to the VOD?

Description

Time

  • Played on: Sept. 29, 2022, 11:18 a.m.
  • Length: 15:25

All games in this series

Show
View Real Time Build Order
Export as new Build Order

YoungYakov Zerg 

Build Orders: Hatch First 

Get SALT Encoding   

  12  0:00  Drone  
  13  0:12  Overlord  
  13  0:17  Drone  
  14  0:30  Drone  
  14  0:31  Drone  
  16  0:49  Drone  
  17  0:55  Drone  
  18  0:58  Drone, Hatchery  
  18  1:09  Extractor  
  17  1:15  Spawning Pool  
  16  1:19  Drone  
  16  1:22  Drone  
  18  1:29  Drone  
  19  1:40  Drone  
  20  1:50  Drone  
  21  2:03  Overlord  
  21  2:09  Queen  
  21  2:10  Zergling x2, Queen  
  21  2:12  Drone  
  21  2:14  Metabolic Boost  
  27  2:21  Drone  
  27  2:22  Drone  
  29  2:32  Drone x2  
  31  2:41  Hatchery  
  31  2:44  Drone  
  31  2:47  Zergling x2  
  34  2:52  Queen  
  34  2:55  Overlord  
  34  2:59  Drone  
  35  3:07  Drone  
  35  3:08  Drone  
  36  3:16  Drone x3  
  39  3:22  Drone x2  
  39  3:25  Overlord  
  39  3:26  Drone x2  
  43  3:28  Spore Crawler  
  43  3:31  Queen  
  44  3:39  Overlord  
  44  3:46  Queen  
  44  3:47  Spore Crawler, Drone  
  46  3:49  Drone x2  
  46  3:54  Drone  
  48  3:56  Queen  
  48  4:00  Drone  
  48  4:01  Drone  
  52  4:04  Zergling x4  
  52  4:05  Zergling x2  
  52  4:07  Drone  
  56  4:14  Drone x4  
  59  4:22  Drone x3  
  62  4:28  Drone x3  
  62  4:30  Overlord  
  62  4:31  Overlord  
  65  4:34  Overlord, Evolution Chamber  
  64  4:42  Overlord  
  64  4:43  Roach Warren  
  64  4:44  Drone x2  
  65  4:47  Extractor  
  65  4:48  Extractor  
  65  4:52  Drone x3  
  66  4:54  Zergling x2  
  66  5:01  Drone x4  
  66  5:04  Zerg Melee Weapons Level 1  
  69  5:09  Drone  
  69  5:10  Drone x6  
  69  5:12  Spore Crawler  
  73  5:15  Drone x2  
  73  5:21  Lair  
  75  5:22  Drone  
  75  5:23  Drone  
  75  5:26  Extractor  
  75  5:27  Extractor  
  75  5:28  Drone x2  
  75  5:32  Drone  
  78  5:37  Drone x3  
  78  5:41  Queen  
  83  5:43  Hatchery  
  83  5:46  Drone x3  
  83  5:48  Overlord  
  85  5:53  Queen  
  85  5:56  Extractor  
  86  5:59  Drone x8  
  94  6:09  Overlord  
  94  6:11  Overlord  
  94  6:14  Drone x4  
  94  6:17  Drone, Overlord  
  94  6:18  Baneling Nest, Overseer  
  98  6:20  Extractor  
  98  6:23  Glial Reconstitution, Spire  
  98  6:24  Extractor  
  94  6:33  Drone x3  
  94  6:34  Drone x3  
  94  6:36  Overlord  
  94  6:37  Zergling x2  
  94  6:39  Zergling x2  
  103  6:40  Zergling x8  
  106  6:48  Roach  
  106  6:49  Roach x3  
  114  7:00  Roach x6  
  126  7:02  Overlord  
  126  7:06  Overlord x2  
  126  7:10  Overlord  
  126  7:12  Overlord  
  121  7:24  Queen  
  121  7:25  Drone x2  
  121  7:28  Spore Crawler  
  122  7:35  Mutalisk x12  
  141  7:43  Mutalisk x3  
  129  7:51  Drone x3  
  129  7:52  Drone x3  
  129  7:55  Zerg Flyer Weapons Level 1  
  129  7:56  Zerg Melee Weapons Level 2  
  135  8:03  Drone x5  
  140  8:09  Drone x5  
  140  8:11  Centrifugal Hooks  
  145  8:14  Drone  
  145  8:15  Drone  
  145  8:19  Drone x4  
  151  8:28  Overlord  
  151  8:29  Roach x4  
  155  8:41  Mutalisk  
  155  8:42  Mutalisk x2  
  155  8:48  Zergling x14  
  166  8:49  Hatchery  
  166  8:53  Zergling x12  
  171  8:59  Ravager x9  
  180  9:03  Zergling x6  
  180  9:04  Overlord x2  
  183  9:14  Overlord x3  
  183  9:17  Baneling x14  
  183  9:29  Zergling x26  
  186  9:35  Baneling  
  186  9:36  Baneling x17  
  177  9:50  Roach x10  
  152  9:54  Roach x4  
  152  9:59  Zergling x2  
  142  10:00  Zergling x10  
  142  10:04  Overlord  
  142  10:06  Zergling x6  
  146  10:13  Roach x3  
  152  10:14  Infestation Pit  
  152  10:15  Ravager x4  
  152  10:17  Zergling x8  
  152  10:19  Zerg Missile Weapons Level 1  
  159  10:24  Spore Crawler  
  159  10:25  Drone x4  
  162  10:30  Spore Crawler, Extractor  
  162  10:32  Zergling x6  
  157  10:36  Zergling x16  
  157  10:38  Baneling x5  
  161  10:44  Drone  
  161  10:45  Zergling x8, Drone x2  
  166  10:52  Zergling x10  
  169  11:02  Zergling x2  
  169  11:03  Zergling x18  
  169  11:09  Roach x7  
  164  11:12  Hive  
  164  11:16  Zergling x2  
  164  11:17  Baneling x4  
  164  11:18  Baneling x2  
  165  11:19  Baneling x3  
  165  11:21  Drone x3  
  157  11:28  Roach x4  
  157  11:29  Ravager x7  
  172  11:36  Roach x6  
  184  11:44  Zergling x20  
  192  11:50  Zerg Flyer Weapons Level 2  
  192  11:52  Drone x3  
  184  12:01  Baneling x8  
  176  12:05  Zergling x16  
  182  12:11  Corruptor x3  
  182  12:14  Baneling x7  
  188  12:17  Extractor  
  188  12:18  Spine Crawler  
  188  12:20  Spine Crawler  
  182  12:25  Zergling x16  
  188  12:32  Corruptor x2  
  191  12:37  Zerg Melee Weapons Level 3  
  191  12:38  Spore Crawler x2  
  191  12:40  Adrenal Glands  
  189  12:44  Baneling x4  
  189  12:49  Corruptor  
  189  12:51  Drone x5  
  196  12:59  Spore Crawler x2  
  196  13:04  Corruptor  
  196  13:09  Hatchery  
  191  13:20  Viper x2  
  197  13:39  Corruptor x2  
  197  13:40  Spire  
  195  13:55  Zergling x20  
  185  13:56  Zergling x2  
  185  13:57  Corruptor x7  
  185  14:02  Zergling x10  
  184  14:08  Zergling x2  
  184  14:09  Zergling x14  
  176  14:18  Zergling x2  
  176  14:19  Zergling x8  
  176  14:20  Baneling x11  
  176  14:23  Drone  
  182  14:28  Corruptor x2  
  188  14:31  Baneling x4  
  179  14:41  Baneling x4  
  179  14:42  Baneling x6  
  173  14:55  Corruptor  
  173  14:56  Corruptor x3  
  173  14:59  Overlord  
Show
View Real Time Build Order
Export as new Build Order

PtitDrogo Protoss - Winner!

Build Orders: 1 Gate Expand, Oracle Opening 

Get SALT Encoding   

  12  0:00  Probe  
  13  0:12  Probe  
  14  0:19  Pylon  
  14  0:24  Probe  
  15  0:37  Probe (Chrono Boost)  
  15  0:39  Gateway  
  16  0:48  Probe (Chrono Boost)  
  16  0:49  Assimilator  
  17  0:53  Probe (Chrono Boost)  
  18  1:03  Probe  
  19  1:16  Probe  
  20  1:25  Nexus  
  20  1:37  Cybernetics Core  
  20  1:39  Probe  
  21  1:45  Assimilator  
  21  1:51  Probe  
  22  1:55  Pylon  
  22  2:04  Probe  
  23  2:11  Adept (Chrono Boost)  
  25  2:16  Probe  
  25  2:18  Stargate  
  26  2:26  Warp Gate  
  26  2:28  Probe (Chrono Boost)  
  27  2:34  Adept  
  29  2:38  Probe (Chrono Boost)  
  31  2:46  Probe (Chrono Boost)  
  31  2:47  Probe (Chrono Boost)  
  32  2:52  Probe x2 (Chrono Boost)  
  34  3:00  Oracle (Chrono Boost)  
  34  3:04  Probe  
  38  3:08  Probe  
  38  3:10  Pylon  
  39  3:14  Gateway  
  39  3:16  Probe  
  40  3:20  Probe  
  41  3:27  Oracle (Chrono Boost)  
  41  3:28  Probe  
  41  3:32  Probe  
  46  3:40  Probe  
  47  3:44  Probe  
  48  3:52  Probe  
  49  3:56  Probe  
  49  3:57  Oracle  
  49  4:01  Nexus  
  53  4:04  Pylon  
  53  4:05  Probe  
  53  4:08  Pylon  
  54  4:10  Assimilator  
  54  4:13  Assimilator  
  54  4:22  Probe  
  54  4:23  Probe (Chrono Boost)  
  56  4:31  Twilight Council  
  56  4:32  Forge  
  56  4:34  Probe (Chrono Boost)  
  56  4:35  Probe (Chrono Boost)  
  56  4:37  Robotics Facility  
  58  4:40  Shield Battery  
  58  4:44  Probe x2 (Chrono Boost)  
  60  4:49  Probe (Chrono Boost)  
  60  4:50  Gateway x2, Probe  
  62  5:01  Probe (Chrono Boost)  
  62  5:03  Probe (Chrono Boost)  
  64  5:10  Protoss Ground Weapons Level 1, Charge  
  64  5:13  Probe x2 (Chrono Boost)  
  66  5:16  Templar Archives  
  66  5:20  Assimilator  
  66  5:21  Probe (Chrono Boost)  
  67  5:22  Probe (Chrono Boost)  
  67  5:23  Probe (Chrono Boost)  
  67  5:25  Observer (Chrono Boost), Assimilator  
  67  5:27  Probe x2 (Chrono Boost)  
  67  5:28  Probe (Chrono Boost)  
  71  5:31  Pylon  
  73  5:39  Immortal (Chrono Boost), Probe x2  
  73  5:40  Probe  
  73  5:42  Psionic Storm  
  80  5:48  Pylon  
  80  5:49  Pylon  
  80  5:51  Probe x2  
  80  5:52  Probe  
  80  5:55  High Templar  
  85  6:01  Zealot x3  
  91  6:07  Gateway  
  91  6:08  Gateway  
  91  6:17  Gateway  
  91  6:18  Gateway  
  91  6:19  Photon Cannon  
  91  6:20  Warp Prism (Chrono Boost)  
  93  6:26  High Templar x3  
  99  6:37  Pylon  
  99  6:41  Nexus  
  99  6:44  Pylon  
  99  6:46  Immortal (Chrono Boost)  
  99  6:51  Probe  
  104  6:55  Photon Cannon  
  104  6:57  Shield Battery  
  104  6:58  Probe  
  105  7:04  Shield Battery, Photon Cannon  
  105  7:09  Zealot x4  
  105  7:14  Protoss Ground Weapons Level 2  
  113  7:17  Photon Cannon  
  113  7:20  Immortal (Chrono Boost)  
  113  7:22  Probe  
  114  7:23  Blink (Chrono Boost)  
  118  7:30  Probe  
  117  7:37  Phoenix  
  117  7:39  Stargate  
  117  7:42  Fleet Beacon  
  113  7:50  Photon Cannon  
  113  7:53  Probe  
  113  7:54  Probe x3  
  117  8:05  Probe  
  120  8:06  Probe x2  
  120  8:07  Shield Battery  
  120  8:11  Stalker x4  
  130  8:21  Phoenix (Chrono Boost)  
  130  8:22  Anion Pulse-Crystals (Chrono Boost)  
  130  8:24  Pylon  
  130  8:28  Stalker x3  
  130  8:29  Phoenix (Chrono Boost)  
  132  8:43  High Templar x2  
  132  8:44  High Templar  
  132  8:46  Assimilator  
  132  8:47  Phoenix (Chrono Boost), Assimilator  
  140  8:55  Phoenix (Chrono Boost)  
  140  9:06  Phoenix (Chrono Boost)  
  142  9:11  Pylon  
  142  9:13  Pylon x2  
  144  9:19  Phoenix (Chrono Boost), Photon Cannon  
  144  9:20  Pylon  
  144  9:22  Shield Battery  
  144  9:25  Phoenix (Chrono Boost)  
  138  9:32  High Templar x3  
  146  9:38  Phoenix (Chrono Boost)  
  146  9:42  Archon  
  146  9:44  Nexus  
  138  9:46  Pylon  
  138  9:48  Zealot x5, Observer  
  138  9:49  Assimilator  
  138  9:50  Protoss Ground Weapons Level 3 (Chrono Boost)  
  138  9:51  Assimilator  
  130  10:03  Carrier x2  
  142  10:13  Gateway  
  142  10:14  Gateway  
  142  10:15  Gateway  
  142  10:16  Photon Cannon  
  142  10:17  Warp Prism (Chrono Boost)  
  142  10:18  Photon Cannon  
  144  10:23  Shield Battery  
  144  10:24  Stargate  
  144  10:27  Stargate, Probe  
  145  10:30  Protoss Air Weapons Level 1  
  143  10:55  Zealot x8  
  149  11:11  Zealot x2  
  141  11:19  High Templar x8  
  141  11:22  Probe x4  
  141  11:24  Archon x3  
  141  11:25  Archon  
  161  11:33  Probe  
  161  11:34  Probe  
  163  11:41  Zealot x2  
  155  11:48  Probe x3  
  155  11:52  Zealot x3  
  155  11:53  Zealot x5  
  168  11:58  Probe  
  168  12:00  Carrier (Chrono Boost), Probe  
  168  12:01  Probe x2  
  161  12:07  Carrier (Chrono Boost), Probe  
  178  12:10  Probe  
  178  12:11  Carrier (Chrono Boost)  
  178  12:13  Probe x2  
  181  12:17  Gateway  
  181  12:18  Gateway  
  181  12:19  Gateway  
  181  12:20  Photon Cannon  
  181  12:21  Shield Battery, Gateway  
  181  12:22  Zealot  
  167  12:24  Probe x3 (Chrono Boost)  
  167  12:30  Probe x2 (Chrono Boost)  
  167  12:33  High Templar x3  
  173  12:51  Probe x3  
  173  12:55  Probe x2  
  173  12:56  Zealot  
  180  13:03  Probe x3  
  183  13:07  Probe x2  
  185  13:15  Probe  
  182  13:24  High Templar x6  
  194  13:28  Archon x2  
  194  13:29  Archon  
  194  13:38  Warp Prism (Chrono Boost)  
  192  14:05  Pylon  
  190  14:12  Nexus  
  190  14:15  High Templar x10  
  192  14:20  Archon x5  
  192  14:31  Zealot x3  
  198  14:44  Photon Cannon  
  198  14:45  Photon Cannon  
  198  14:47  Photon Cannon  
  198  14:48  Shield Battery  
  176  15:19  Stalker x5  
  176  15:20  Stalker x7  
Tags
 
Add a new tag
Caveats
  • Supply blocks, unpowered buildings, or Contaminate may cause inaccurate times.
  • Supply counts are checked every 10 seconds.